 Dungeon Crawl Stone Soup version 0.30-a0-702-gdf48620a09 (webtiles) character file.

Game seed: 12417251978248230111

31203 oldmanjim the Thaumaturge (level 13, -3/96 HPs)
             Began as a Djinni Conjurer on Jan 20, 2023.
             Was an Elder of Makhleb.
             Engulfed by an ice statue's freezing vapour (8 damage)
             ... in an ice cave on Jan 21, 2023.
             The game lasted 02:28:29 (15790 turns).

oldmanjim the Thaumaturge (Djinni Conjurer)        Turns: 15790, Time: 02:28:30

Health: -3/96      AC:  9    Str:  6    XL:     13   Next: 94%
Gold:   680        EV: 18    Int: 24    God:    Makhleb [****..] SH: 16 Dex: 13

rFire   + + .      SeeInvis .    a - +1 dagger (venom)
rCold   + . .      Faith    .    L - +0 kite shield
rNeg    . . .      Spirit   .    T - +1 troll leather armour {Snorg}
rPois   ∞          Reflect  +    c - +2 hat
rElec   .          Harm     .    w - scarf {rC+ rF+}
rCorr   .          Rampage  .    p - +0 pair of gloves
Will    +....      Rage     3%   (boots unavailable)
Stlth   ++                       C - amulet of reflection
HPRegen 1.16/turn                l - ring of ice
MPRegen 0.00/turn                Q - +5 ring of evasion

@: flying, very slightly contaminated
A: sickness immunity, fire resistance 2, cold vulnerability 1, float, innate
caster, HP casting, extra vitality 1, berserk 1
a: Renounce Religion, Minor Destruction, Lesser Servant of Makhleb, Major
Destruction


You were in an ice cave.
You worshipped Makhleb.
Makhleb was greatly pleased with you.
You visited 3 branches of the dungeon, and saw 13 of its levels.
You also visited: Ice Cave and Volcano.

You collected 779 gold pieces.
You spent 99 gold pieces at shops.

Inventory:

Hand Weapons
 a - a +1 dagger of venom (weapon)
 W - a +2 glaive of flaming
Missiles
 d - 45 stones
 B - 10 boomerangs
 M - 3 poisoned darts
 N - 2 curare-tipped darts
Armour
 b - a +2 leather armour of resistance
 c - a +2 hat (worn)
 m - a +0 buckler
 p - a +0 pair of gloves (worn)
 w - a scarf of resistance (worn)
 L - a +0 kite shield (worn)
 T - a +1 troll leather armour (worn) {Snorg}
Magical Staves
 i - a staff of conjuration
 n - a staff of earth
Jewellery
 h - an amulet of faith
 l - a ring of ice (left hand)
 s - a +6 ring of dexterity
 u - a ring of positive energy
 x - an amulet of regeneration
 C - an amulet of reflection (around neck)
 F - a +6 ring of strength
 Q - a +5 ring of evasion (right hand)
 Z - the amulet of Mefyt {Reflect *Corrode rN+ Regen+ Str+3 SH+5}
   (You found it in an ice cave)

   [amulet of reflection]

   It reflects blocked missile attacks.
   Str:       It affects your strength (+3).
   rN:        It protects you from negative energy.
   Regen:     It increases your rate of health regeneration.
   *Corrode:  It may corrode you when you take damage.
   SH:        It affects your SH (+5).
Wands
 q - a wand of roots (12)
 E - a wand of paralysis (20)
 R - a wand of flame (36)
 Y - a wand of quicksilver (4)
Scrolls
 j - 6 scrolls of immolation
 k - 3 scrolls of teleportation
 o - 4 scrolls of vulnerability
 r - a scroll of brand weapon
 v - 2 scrolls of enchant weapon
 y - a scroll of acquirement {unknown}
 z - a scroll of magic mapping
 D - a scroll of fear
 H - a scroll of blinking
 O - a scroll of fog
 P - 3 scrolls of enchant armour
Potions
 e - 2 potions of brilliance
 f - 2 potions of invisibility
 g - 3 potions of curing
 t - a potion of berserk rage {unknown}
 A - 2 potions of cancellation {unknown}
 G - a potion of attraction {unknown}
 I - a potion of mutation {unknown}
 J - a potion of haste {unknown}
 K - 4 potions of heal wounds
 U - a potion of might {unknown}
 V - 2 potions of resistance {unknown}
Miscellaneous
 S - a phial of floods


   Skills:
 - Level 10.0 Fighting
 - Level 5.0 Armour
 + Level 7.8 Dodging
 - Level 1.5 Stealth
 - Level 10.0 Shields
 + Level 10.5 Spellcasting
 + Level 6.8 Invocations
 - Level 7.0 Evocations


You couldn't memorise any spells.
You knew the following spells:

 Your Spells              Type           Power      Damage    Failure   Level
a - Magic Dart            Conj           100%       1d8       1%          1
b - Searing Ray           Conj           100%       2d8       1%          2
c - Dazzling Flash        Conj/Hex       100%       N/A       1%          3
d - Fulminant Prism       Conj/Hex       29%        3d14      2%          4
e - Iskenderun's Mystic   Conj/Tloc      59%        2d12      2%          4
f - Kiss of Death         Conj/Necr      100%       2d13      1%          1
g - Call Imp              Summ           59%        N/A       1%          2
h - Teleport Other        Tloc           59%        N/A       1%          3
i - Summon Lightning Spi  Summ/Air       59%        N/A       2%          4
j - Summon Ice Beast      Ice/Summ       76%        N/A       2%          4
k - Irradiate             Conj/Tmut      29%        3d21      6%          5
Your spell library was empty.

Dungeon Overview and Level Annotations

Branches:
Dungeon (10/15)            Temple (1/1) D:6            Lair (2/5) D:9
  Swamp (0/4) Lair:2          Orc (0/2) D:9           IceCv (1/1)
Volcano (visited)
  Snake: Lair:2-3    Spider: Lair:2-3

Altars:
Ashenzari
Cheibriados
Dithmenos
Elyvilon
Fedhas
Gozag
Hepliaklqana
Makhleb
Nemelex Xobeh
Okawaru
Qazlal
Ru
Trog
Uskayaw
Wu Jian
Xom
Yredelemnul
Zin
The Shining One

Shops:
D:8 *

Annotations:
D:2 1 runed translucent door, Crazy Yiuf
D:7 2 transporters, wormed's ghost, novice KoBr
D:9 3 runed translucent doors, BlueFish's ghost, novice TeAE
Lair:1 1 runed translucent door, MuteSongbird's ghost, novice DrIE IceCv exclusion: ice statue


Innate Abilities, Weirdness & Mutations

You are immune to sickness and miasma.
You are immune to poison.
Your flesh is very heat resistant. (rF++)
You are vulnerable to cold. (rC-)
You float through the air rather than walking.
You learn spells naturally, not from books.
Your magical power is your life essence.
You have superior vitality. (+4 MHP)
You sometimes lose your temper in combat.


Message History

A fulminant prism comes into view.
The ice statue gestures.
Your fulminant prism crackles loudly.
Casting: Fulminant Prism (dangerous; 2% risk of failure)
Confirm with . or Enter, or press ? or * to list all spells.
You feel a surge of power! A chill wind blows around you.
The ice statue gestures at you.
The freezing blast engulfs the ice beast.
The ice beast completely resists.
Your fulminant prism explodes!
The blast of energy engulfs the ice statue!
The ice statue is severely damaged.
The blast of energy engulfs the ice beast!!
You kill the ice beast!
The ice beast disappears in a puff of smoke!
The blast of energy engulfs the ice beast!!
You kill the ice beast!
The ice beast disappears in a puff of smoke!
The ice beast hits you but does no damage.
Casting: Summon Ice Beast (dangerous; 2% risk of failure)
Confirm with . or Enter, or press ? or * to list all spells.
Aiming: Fulminant Prism (dangerous; 2% risk of failure)
Press: ? - help, Dir - move target You conjure a prism of explosive energy!
A fulminant prism comes into view.
You are engulfed in freezing vapours.
You resist. The ice beast hits you. The ice beast freezes you. You resist.
* * * LOW HITPOINT WARNING * * *
You swap places.
You are engulfed in freezing vapours.
You resist.
* * * LOW HITPOINT WARNING * * *
The ice beast barely misses your ice beast.
You hear a loud crackle.
Your ice beast hits the ice beast but does no damage.
You are engulfed in freezing vapours.
You resist.
* * * LOW HITPOINT WARNING * * *
The ice beast barely misses your ice beast.
You hear an explosion!
Your ice beast hits the ice beast but does no damage.
You are engulfed in freezing vapours.
You resist.
You die...

##.....## ##....###
##...### ##..###
###.†## ≈###.####
≈≈≈#....### ###
≈≈≈≈#.##..#####8###
≈≈≈≈≈†.#.#..##.#@Y#
≈≈≈##.######..####Y.#
≈≈≈≈### #### ○##
≈≈≈≈≈# ○. ###### *8○
..# .☼.# ##......#
..## ####### ###


You could see an ice beast (summoned, distracted, ally target), a friendly ice
beast (summoned) and a friendly lightning spire (summoned).

Vanquished Creatures
  A frost giant (IceCv)
  Erolcha (D:10)
  A dancing weapon (Volcano)
  3 death yaks (IceCv)
  2 two-headed ogres (D:5)
  Nergalle (Lair:1)
  5 wizards (Volcano)
  A black mamba (D:9)
  5 toenail golems (Volcano)
  3 rime drakes
  A komodo dragon (D:9)
  7 polar bears (IceCv)
  A hornet (D:7)
  A dream sheep (D:7)
  2 shadows (D:10)
  28 yaks
  4 hogs (D:8)
  A human (D:8)
  A steam dragon (D:6)
  An ice beast (D:6)
  3 water moccasins
  5 orc warriors
  4 black bears
  A sky beast (D:7)
  3 ogres
  14 wolves
  4 centaurs
  2 phantoms
  Blork the orc (D:5)
  2 bullfrogs
  A necrophage (D:4)
  3 gnoll sergeants
  7 scorpions
  2 wights
  2 killer bees (D:9)
  2 howler monkeys (D:8)
  5 hounds
  A jelly (D:4)
  3 orc priests
  2 gnoll boudas (D:6)
  Jessica (D:2)
  An iguana (D:7)
  6 orc wizards
  14 gnolls
  4 adders
  3 shadow imps (D:5)
  2 ufetubi (D:5)
  A worm (D:3)
  3 dart slugs
  24 orcs
  4 endoplasms
  3 giant cockroaches (D:1)
  7 goblins
  A hobgoblin (D:1)
  2 jackals (D:2)
  3 quokkas
  7 ball pythons
  2 bats (D:1)
  4 frilled lizards
  6 kobolds
  2 rats
  A spectral goblin (D:7)
238 creatures vanquished.

Vanquished Creatures (collateral kills)
  Snorg (D:10)
  A death yak (IceCv)
  A cane toad (Lair:1)
  3 komodo dragons
  2 trolls (D:9)
  2 polar bears (IceCv)
  2 dream sheep (D:7)
  A vampire (D:10)
  2 yaks
  A basilisk (Lair:2)
  2 steam dragons
  3 acid dragons
  5 water moccasins
  6 orc warriors
  A sky beast (D:8)
  4 ogres
  3 black bears
  10 wolves
  3 centaurs
  A kobold brigand (D:9)
  6 bullfrogs
  A necrophage (D:5)
  A scorpion (Lair:1)
  4 wights
  3 killer bees
  4 howler monkeys
  2 hounds (D:6)
  A jelly (D:8)
  A gnoll bouda (D:7)
  An orc priest (D:7)
  2 iguanas (D:9)
  3 orc wizards
  2 adders
  4 gnolls
  13 orcs
  2 frilled lizards (D:9)
104 creatures vanquished.

Vanquished Creatures (others)
  A kobold brigand (D:9)
  137 fulminant prisms
  33 fungi
  61 plants
232 creatures vanquished.

Grand Total: 574 creatures vanquished

Notes
Turn   | Place    | Note
-------+----------+-------------------------------------------
     0 | D:1      | oldmanjim the Djinni Conjurer began the quest for the Orb.
     0 | D:1      | oldmanjim set off with the following spells memorised:
                  | Magic Dart, Searing Ray, Dazzling Flash, Fulminant Prism,
                  | Iskenderun's Mystic Blast.
     0 | D:1      | Reached XP level 1. HP: 15/15 MP: 0/0
     3 | D:1      | Noticed an electric eel
     4 | D:1      | Noticed an electric eel
   222 | D:1      | Reached XP level 2. HP: 20/22 MP: 0/0
   348 | D:1      | Reached skill level 1 in Fighting
   748 | D:1      | Reached XP level 3. HP: 26/27 MP: 0/0
   748 | D:1      | Learned a level 1 spell: Kiss of Death
   949 | D:2      | Found a runed translucent door.
   950 | D:2      | Noticed Crazy Yiuf
  1440 | D:2      | Found a faded altar of an unknown god.
  1478 | D:2      | Found a stormy altar of Qazlal.
  1527 | D:2      | Noticed Jessica
  1533 | D:2      | Killed Jessica
  1534 | D:2      | Reached XP level 4. HP: 30/33 MP: 0/0
  2039 | D:3      | Reached XP level 5. HP: 27/39 MP: 0/0
  2039 | D:3      | Learned a level 2 spell: Call Imp
  2854 | D:4      | Noticed a black bear
  2944 | D:4      | Killed a black bear
  2945 | D:4      | Reached XP level 6. HP: 8/46 MP: 0/0
  3169 | D:4      | Noticed a black bear
  3193 | D:4      | Killed a black bear
  3194 | D:4      | Reached skill level 5 in Spellcasting
  3352 | D:4      | Reached skill level 1 in Shields
  3352 | D:4      | Reached XP level 7. HP: 30/50 MP: 0/0
  3352 | D:4      | Learned a level 3 spell: Teleport Other
  3965 | D:5      | Entered Level 5 of the Dungeon
  3965 | D:5      | Noticed a two-headed ogre
  4305 | D:5      | Reached XP level 8. HP: 54/58 MP: 0/0
  4759 | D:5      | Killed a two-headed ogre
  4760 | D:5      | Reached skill level 5 in Shields
  4760 | D:5      | Reached skill level 5 in Dodging
  4760 | D:5      | Reached XP level 9. HP: 26/63 MP: 0/0
  4760 | D:5      | Learned a level 4 spell: Summon Lightning Spire
  5120 | D:5      | Noticed Blork the orc
  5121 | D:5      | Noticed a two-headed ogre
  5156 | D:5      | Killed a two-headed ogre
  5157 | D:5      | Reached skill level 5 in Fighting
  5162 | D:5      | Killed Blork the orc
  5163 | D:5      | Reached skill level 5 in Evocations
  5964 | D:6      | Reached XP level 10. HP: 64/70 MP: 0/0
  6449 | D:6      | You are sucked into a shaft and drop 1 floor!
  7015 | D:6      | Found a staircase to the Ecumenical Temple.
  7021 | Temple   | Entered the Ecumenical Temple
  7136 | Temple   | Became a worshipper of Makhleb the Destroyer
  7540 | D:7      | Found a transporter.
  7544 | D:7      | Noticed wormed's ghost (novice KoBr)
  7546 | D:7      | Noticed a moth of wrath
  7625 | D:7      | Found a transporter.
  7672 | D:7      | Found a hazy altar of Hepliaklqana.
  8164 | D:8      | Found Nomausmocosh's Assorted Antiques.
  8174 | D:8      | Bought a scroll labelled MYGRIT BIWON for 33 gold pieces
  8174 | D:8      | Bought a scroll labelled MOT HUOJAR for 33 gold pieces
  8174 | D:8      | Bought a scroll labelled YRUFRU VEUDOG for 33 gold pieces
  8286 | D:8      | Reached XP level 11. HP: 73/78 MP: 0/0
  8286 | D:8      | Learned a level 4 spell: Summon Ice Beast
  9251 | D:9      | Reached * piety under Makhleb
  9598 | D:9      | Reached skill level 1 in Invocations
  9647 | D:9      | Found a staircase to the Lair.
 10319 | D:9      | Reached ** piety under Makhleb
 10448 | D:9      | Upgraded the game from 0.30-a0-696-g2367cd04db to
                  | 0.30-a0-702-gdf48620a09
 10501 | D:9      | Found a staircase to the Orcish Mines.
 10584 | D:9      | Found a runed translucent gate.
 10619 | D:9      | Found a runed translucent gate.
 10624 | D:9      | Found a runed translucent gate.
 10864 | D:9      | Reached XP level 12. HP: 74/88 MP: 0/0
 10993 | D:9      | Found a glowing golden altar of the Shining One.
 10993 | D:9      | Found an iron altar of Okawaru.
 11310 | D:9      | Noticed BlueFish's ghost (novice TeAE)
 11322 | D:10     | Entered Level 10 of the Dungeon
 11322 | D:10     | Noticed Erolcha
 11499 | D:10     | Killed Erolcha
 11730 | D:10     | Noticed Snorg
 11752 | D:10     | Killed Snorg
 12154 | D:10     | Reached skill level 1 in Armour
 12817 | D:10     | Found a basalt altar of Yredelemnul.
 13003 | Lair:1   | Entered Level 1 of the Lair of Beasts
 13019 | Lair:1   | Noticed a boulder beetle
 13019 | Lair:1   | Reached *** piety under Makhleb
 13180 | Lair:1   | Noticed Nergalle
 13185 | Lair:1   | Killed Nergalle
 13212 | Lair:1   | Reached skill level 5 in Invocations
 13328 | Lair:1   | Found a runed translucent door.
 13330 | Lair:1   | Noticed MuteSongbird's ghost (novice DrIE)
 14085 | Lair:2   | Found a dark tunnel.
 14095 | Volcano  | Entered a volcano
 14164 | Volcano  | Reached skill level 10 in Spellcasting
 14193 | Volcano  | Reached XP level 13. HP: 93/94 MP: 0/0
 14193 | Volcano  | Learned a level 5 spell: Irradiate
 14284 | Volcano  | Reached skill level 5 in Armour
 14464 | Lair:2   | Found a frozen archway.
 14479 | Lair:2   | Reached skill level 10 in Shields
 14483 | IceCv    | Entered an ice cave
 14999 | IceCv    | Reached **** piety under Makhleb
 15305 | IceCv    | Noticed a frost giant
 15317 | IceCv    | Killed a frost giant
 15332 | IceCv    | Gained mutation: You sometimes lose your temper in combat.
                  | [mutagenic glow]
 15540 | IceCv    | Reached skill level 10 in Fighting
 15597 | IceCv    | Identified the amulet of Mefyt {Reflect *Corrode rN+ Regen+
                  | Str+3 SH+5}
 15789 | IceCv    | HP: 4/96 [something] (10)]
 15790 | IceCv    | Engulfed by an ice statue's freezing vapour

Illustrated notes

Levels and vault maps discovered:
D:1:      arrival_aquarium_b, layout_loops_corners,
          minmay_misc_feat_four_crosses
D:2:      layout_basic, ebering_ecumenical_altar_sacrificial, basic_altar,
          uniq_crazy_yiuf_cottage, uniq_jessica
D:3:      layout_loops_corners
D:4:      layout_basic, minmay_unequal, uniq_menkaure
D:5:      layout_loops_ring, minmay_chambers_of_fives, uniq_blork_the_orc
D:6:      layout_loops_ring, minmay_temple_entry_wispy, kennysheep_path_1,
          chequers_hall_statues_wall_a, nrook_loot_triangle,
          kennysheep_generic_room_2
D:7:      layout_basic, nicolae_hepliaklqana_monster_ancestors,
          gammafunk_ghost_berserking_beasts, grunt_decor_arrowhead,
          dreamdust_gnoll_shepherd
D:8:      layout_loops_ring, serial_shops, shop, grunt_livestock
D:9:      layout_loops_ring, gammafunk_temple_overflow_elements,
          due_lair_maze_entry_diamond, kennysheep_orc_monster_closet_entryway,
          gammafunk_ghost_spectres, minmay_lizard_king
D:10:     kennysheep_ambush_hall, layout_layer_cave, minitemple,
          due_unseen_surprise, uniq_snorg, uniq_erolcha
Temple:   minmay_temple_bridge_d
Lair:1:   layout_chaotic_city, ebering_ghost_inner_flame, uniq_nergalle
Lair:2:   layout_regular_city, palyth_hydra_swamp_entry, enter_volcano_1,
          portal_ice_cave_rime, st_stairs_3, grunt_megastairs_3
IceCv:    ice_cave_caverns_02

Skill      XL: |  1  2  3  4  5  6  7  8  9 10 11 12 13 |
---------------+----------------------------------------+-----
Fighting       | 1 2 3 4 5 6 8 9 10 | 10.0
Dodging        | 3 5 6 7 |  7.8
Spellcasting   | 4 5 6 7 8 9 10 | 10.5
Shields        | 1 2 5 6 8 10 | 10.0
Evocations     | 3 5 7 |  7.0
Invocations    | 2 5 6 |  6.8
Armour         | 4 5 |  5.0
Stealth        | |  1.5

Action                   |  1- 3 |  4- 6 |  7- 9 | 10-12 | 13-15 || total
-------------------------+-------+-------+-------+-------+-------++-------
Melee: Unarmed           |     1 |       |       |       |       ||     1
       Dagger            |       |       |       |    16 |   266 ||   282
 Cast: Magic Dart        |    46 |    23 |    41 |    37 |     2 ||   149
       Searing Ray       |     6 |    14 |    31 |    37 |    20 ||   108
       Fulminant Prism   |       |    12 |    35 |    69 |    21 ||   137
       Call Imp          |       |     1 |     6 |     1 |       ||     8
       Summon Lightning  |       |       |     5 |    71 |    10 ||    86
       Teleport Other    |       |       |     1 |     5 |       ||     6
       Iskenderun's Myst |       |       |       |    24 |     8 ||    32
       Summon Ice Beast  |       |       |       |    36 |     7 ||    43
       Dazzling Flash    |       |       |       |     2 |       ||     2
       Kiss of Death     |       |       |       |     1 |       ||     1
       Irradiate         |       |       |       |       |     7 ||     7
Evoke: Wand              |       |       |       |     1 |       ||     1
  Use: Scroll            |       |     4 |     2 |    11 |     1 ||    18
Armor: Robe              |     1 |       |    12 |     4 |       ||    17
       Troll leather arm |       |       |       |     7 |    87 ||    94
Dodge: Dodged            |     5 |     7 |    26 |    56 |   244 ||   338
Block: Buckler           |       |       |     4 |    57 |   222 ||   283
       Reflection        |       |       |       |     9 |     2 ||    11
       Kite shield       |       |       |       |       |     2 ||     2

Table legend: (Time is in decaauts)
 A = Elapsed time spent in this place.
 B = Non-inter-level travel time spent in this place.
 C = Inter-level travel time spent in this place.
 D = Time resting spent in this place.
 E = Time spent auto-exploring this place.
 F = Levels seen in this place.
 G = Mean time per level.
                   A        B        C        D        E       F      G
               +--------+--------+--------+--------+--------+-----+--------+
         Total |  15808 |  15289 |    519 |   1709 |   9795 |  15 | 1053.9 |
       Dungeon |  13024 |  12559 |    465 |   1418 |   9042 |  10 | 1302.4 |
        Temple |    136 |    109 |     27 |      0 |     99 |   1 |  136.0 |
          Lair |   1046 |   1019 |     27 |     78 |    574 |   2 |  523.0 |
      Ice Cave |   1315 |   1315 |      0 |    213 |     80 |   1 | 1315.0 |
       Volcano |    285 |    285 |      0 |      0 |      0 |   1 |  285.0 |
               +--------+--------+--------+--------+--------+-----+--------+

Top non-repeatable levels by time:
     D:9: 1988 daAuts
     D:8: 1521 daAuts
    D:10: 1515 daAuts
     D:4: 1438 daAuts
   IceCv: 1315 daAuts
     D:5: 1261 daAuts
     D:7: 1229 daAuts
     D:6: 1168 daAuts
     D:3: 1116 daAuts
     D:1: 907 daAuts
     D:2: 877 daAuts
  Lair:1: 847 daAuts
 Volcano: 285 daAuts
  Lair:2: 199 daAuts
  Temple: 136 daAuts
